 Dungeon Crawl Stone Soup version 0.25-a0-865-gd392131cc7 (webtiles) character file.

Game seed: 942261183765964707, levelgen mode: deterministic

237 Anathary the Ducker (level 5, -2/27 (28) HPs)
             Began as a Spriggan Fighter on Apr 30, 2020.
             Slain by an ogre
             ... wielding a +0 giant club
              (11 damage)
             ... on level 4 of the Dungeon.
             The game lasted 00:09:40 (2688 turns).

Anathary the Ducker (Spriggan Fighter)              Turns: 2688, Time: 00:09:41

HP:   -2/27 (28)    AC:  2    Str: 12    XL:     5   Next: 77%
MP:   0/6           EV: 22    Int: 10    God:
Gold: 143           SH:  7    Dex: 16    Spells: 4/4 levels left

rFire    + . .     SeeInvis +   a - +0 rapier
rCold    . . .     Gourm    .   c - +1 buckler
rNeg     . . .     Faith    .   b - +0 robe
rPois    .         Spirit   +   (helmet restricted)
rElec    .         Reflect  .   (no cloak)
rCorr    .         Harm     .   (gloves unavailable)
MR       .....                  (boots unavailable)
Stlth    ++........             g - amulet of guardian spirit
HPRegen  0.09/turn              o - ring of protection from fire
MPRegen  0.10/turn              (no ring)

@: very quick
A: very small, unfitting armour, see invisible, herbivore, speed 3, slow
metabolism 2
a: no special abilities


You were on level 4 of the Dungeon.
You were not hungry.

You visited 1 branch of the dungeon, and saw 4 of its levels.

You collected 143 gold pieces.

Inventory:

Hand Weapons
 a - a +0 rapier (weapon)
Armour
 b - a +0 robe (worn)
 c - a +1 buckler (worn)
Jewellery
 g - an amulet of guardian spirit (around neck)
 o - a ring of protection from fire (left hand)
Scrolls
 e - a scroll of remove curse
 n - a scroll of enchant armour
 p - 3 scrolls of identify
Potions
 d - a potion of might
 h - a potion of flight {unknown}
 i - a potion of haste
 j - 5 potions of heal wounds {unknown}
 k - a potion of stabbing {unknown}
 m - a potion of cancellation {unknown}
 q - a potion of invisibility {unknown}
Comestibles
 f - 3 rations


   Skills:
 + Level 3.0 Fighting
 + Level 4.4 Short Blades
 * Level 7.2 Dodging
 - Level 0.1 Stealth
 - Level 2.1 Shields


You had 4 spell levels left.
You didn't know any spells.
Your spell library was empty.

Dungeon Overview and Level Annotations

Branches:
Dungeon (4/15)
 Temple: D:4-7

Altars:
Xom

Annotations:
D:3 Sigmund


Innate Abilities, Weirdness & Mutations

You are very small and have problems with some larger weapons.
You are too small for most types of armour.
You have supernaturally acute eyesight. (SInv)
You are a herbivore.
You cover ground extremely quickly.
You need to consume almost no food.


Message History

The ogre is moderately wounded.
The ogre hits you with a +0 giant club!!
Ouch! That really hurt!
You barely miss the ogre.
The ogre is moderately wounded.
You hit the ogre but do no damage.
The ogre is moderately wounded.
The ogre closely misses you.
You hit the ogre.
The ogre is heavily wounded.
The ogre misses you.
You hit the ogre but do no damage.
The ogre is heavily wounded.
The ogre misses you.
You puncture the ogre!
The ogre is severely wounded.
You hit the ogre.
The ogre is almost dead.
The ogre hits you with a +0 giant club!
You die...

.<# #.# # #.# ## #.# .##
####.# ..## ##.##.# .
...####...#.########....
...'............@O......
...####...>.#########...
..## ##..### .## ##.# ##
#.# # #.# #.# #.# #


You could see an ogre.

Vanquished Creatures
  A necrophage (D:4)
  A scorpion (D:4)
  Crazy Yiuf (D:3)
  An adder (D:2)
  An ooze (D:3)
  A worm (D:3)
  2 dart slugs
  8 bats
  A giant cockroach (D:3)
  6 goblins
  7 hobgoblins
  6 jackals
  7 kobolds
  A quokka (D:4)
  A ball python (D:3)
  2 frilled lizards
  5 rats
52 creatures vanquished.

Notes
Turn   | Place    | Note
-------+----------+-------------------------------------------
     0 | D:1      | Anathary the Spriggan Fighter began the quest for the Orb.
     0 | D:1      | Reached XP level 1. HP: 11/11 MP: 2/2
   215 | D:1      | Reached skill level 5 in Dodging
   215 | D:1      | Reached XP level 2. HP: 16/16 MP: 3/3
   734 | D:2      | Reached XP level 3. HP: 11/19 MP: 2/4
  1831 | D:3      | Found a faded altar of an unknown god.
  1834 | D:3      | Noticed Sigmund
  1844 | D:3      | Found a shimmering altar of Xom.
  1993 | D:3      | Reached skill level 6 in Dodging
  2117 | D:3      | Reached XP level 4. HP: 20/23 MP: 5/5
  2236 | D:3      | Found a runed translucent door.
  2237 | D:3      | Noticed Crazy Yiuf
  2251 | D:3      | Killed Crazy Yiuf
  2587 | D:4      | Noticed a necrophage
  2615 | D:4      | Killed a necrophage
  2615 | D:4      | Reached skill level 7 in Dodging
  2615 | D:4      | Reached XP level 5. HP: 19/27 MP: 3/6
  2673 | D:4      | Noticed an ogre
  2688 | D:4      | Slain by an ogre

Levels and vault maps discovered:
D:1:      wander_arrival_fairy_ring, layout_basic
D:2:      layout_loops_ring, first_ration
D:3:      layout_rooms, marbit_many_paths, chequers_ecumenical_altar_simple,
          xom_teletrap_fun, uniq_sigmund, uniq_crazy_yiuf_cottage
D:4:      layout_loops_corners, nicolae_gozag_cash_rules_everything_around_me,
          nicolae_ossuary_entry_ruins, hangedman_abyss_or_decor_lesser_grid

Skill      XL: |  1  2  3  4 |
---------------+-------------+-----
Dodging        | 5 6 7 |  7.2
Short Blades   | 3 4 |  4.4
Fighting       | 3 |  3.0
Stealth        | |  0.1
Shields        | |  2.1

Action                   |  1- 3 |  4- 6 || total
-------------------------+-------+-------++-------
Melee: Rapier            |   154 |    57 ||   211
  Use: Scroll            |     5 |       ||     5
       Potion            |     2 |       ||     2
 Stab: Sleeping          |     3 |     1 ||     4
Armor: Robe              |     9 |     3 ||    12
       Skin              |    21 |       ||    21
Dodge: Dodged            |   103 |    36 ||   139
Block: Buckler           |    64 |    11 ||    75

Table legend:
 A = Non-vault XP
 B = Vault XP
 C = Vault XP percentage of total XP
 D = Non-vault monster count
 E = Vault monster count
 F = Vault count percentage of total count
                 A         B        C        D         E       F
            +---------+---------+-------+---------+---------+-------
      Total |     299 |      40 |  11.8 |      51 |       1 |   1.9
            +---------+---------+-------+---------+---------+-------
        D:1 |      27 |       0 |   0.0 |      15 |       0 |   0.0
        D:2 |      34 |       0 |   0.0 |      14 |       0 |   0.0
        D:3 |      44 |      40 |  47.6 |      19 |       1 |   5.0
        D:4 |     194 |       0 |   0.0 |       3 |       0 |   0.0
            +---------+---------+-------+---------+---------+-------
